Map: Cactus Valley LE (Void)

Players

Ilu

  • Race: Terran Terran
  • League: Diamond
  • Spawn Location: 7:00

Musumeci - Winner!

  • Race: Zerg Zerg
  • League: Diamond
  • Spawn Location: 1:00

VOD

Have the link to the VOD?

Description

Time

  • Played on: Feb. 8, 2017, 12:13 p.m.
  • Length: 17:46
Show
View Real Time Build Order
Export as new Build Order

Ilu Terran 

Build Orders:  

Get SALT Encoding   

  12  0:01  SCV  
  13  0:13  SCV  
  14  0:23  Supply Depot  
  14  0:25  SCV  
  15  0:44  SCV  
  15  0:47  Barracks  
  16  0:53  Barracks  
  17  0:57  SCV  
  17  1:02  Refinery  
  17  1:08  Refinery  
  17  1:12  SCV  
  18  1:24  SCV  
  19  1:36  Barracks  
  19  1:40  Reaper  
  20  1:47  Orbital Command  
  20  1:55  Reaper  
  21  2:12  Reaper  
  22  2:19  SCV  
  23  2:28  Supply Depot  
  23  2:49  SCV, Reaper x3  
  27  2:51  Supply Depot  
  27  3:17  Supply Depot  
  26  3:29  Reaper x2  
  26  3:33  Reaper  
  24  3:43  Supply Depot  
  24  3:44  SCV  
  20  3:56  SCV  
  20  4:01  Reaper  
  22  4:07  Reaper x2  
  22  4:08  SCV  
  25  4:24  Command Center  
  25  4:33  Reaper  
  26  4:39  Reaper  
  26  4:42  SCV, Reaper  
  29  4:57  SCV  
  29  4:59  Factory  
  30  5:06  Reaper  
  31  5:11  Reaper  
  32  5:22  Reaper  
  32  5:36  Orbital Command  
  32  5:37  SCV  
  32  5:40  Barracks Tech Lab  
  33  5:49  Barracks Reactor  
  32  5:51  Factory Tech Lab  
  30  6:10  Barracks Reactor  
  28  6:13  SCV x2  
  30  6:21  Marine  
  30  6:23  Starport  
  30  6:25  SCV x2  
  33  6:28  Refinery, Marine x2  
  35  6:37  SCV  
  35  6:39  Marine  
  37  6:45  SCV  
  37  6:46  Marine  
  37  6:58  Marine x2  
  37  7:00  Siege Tank  
  40  7:04  Starport Reactor  
  40  7:05  Marine x3  
  43  7:16  SCV, Marine  
  43  7:17  SCV, Marine  
  43  7:22  Marine  
  48  7:31  Barracks Tech Lab  
  48  7:35  Marine, Siege Tank  
  48  7:36  Marine x2  
  51  7:43  Marine  
  46  7:50  Marine  
  43  7:53  Marine x2  
  43  7:54  SCV x2, Marine  
  45  8:00  Medivac  
  48  8:07  Siege Tank  
  48  8:08  SCV x2  
  48  8:11  Marine  
  48  8:12  Marine  
  49  8:20  SCV x2  
  49  8:24  Barracks Reactor, Barracks Tech Lab  
  49  8:29  Marine, Barracks Tech Lab  
  49  8:30  Marine  
  51  8:37  SCV x2  
  51  8:40  Barracks Reactor  
  53  8:49  SCV x2  
  53  8:55  Medivac  
  57  9:01  SCV x2  
  59  9:05  Refinery  
  59  9:08  Marine x2, Barracks Tech Lab  
  59  9:09  Marine x2  
  63  9:10  Command Center  
  63  9:23  Siege Tank  
  66  9:25  Supply Depot  
  65  9:43  Liberator  
  65  9:50  Marine x2  
  65  9:51  Marine, Stimpack  
  68  9:55  Siege Tank  
  68  9:56  SCV x2, Supply Depot  
  76  10:09  Supply Depot  
  76  10:11  SCV  
  76  10:12  SCV  
  74  10:33  Siege Tank  
  74  10:34  Marine x4  
  74  10:35  Marauder  
  80  10:42  SCV x3  
  82  10:50  Medivac x2  
  82  10:51  Marine  
  82  10:52  Marine  
  82  10:54  Marine x2  
  90  10:59  Marauder  
  92  11:09  Marine x2  
  94  11:12  Marine  
  95  11:21  Marauder  
  95  11:22  Barracks, Medivac x2, Engineering Bay  
  95  11:23  Engineering Bay  
  95  11:24  Barracks  
  101  11:32  SCV x2  
  103  11:42  Marauder  
  103  11:44  SCV  
  103  11:46  Marine x4  
  110  11:49  Siege Tank  
  110  11:51  SCV  
  114  11:55  Terran Infantry Weapons Level 1  
  114  11:56  SCV  
  115  12:02  Combat Shields  
  115  12:04  Marauder, SCV  
  115  12:08  SCV, Terran Infantry Armor Level 1  
  119  12:15  Supply Depot  
  119  12:18  Supply Depot  
  119  12:20  Barracks Reactor, Barracks Tech Lab  
  119  12:22  Orbital Command  
  119  12:25  Marauder  
  121  12:37  Liberator x2  
  119  12:58  SCV x3  
  119  12:59  Marine x5  
  119  13:00  Marauder  
  119  13:01  Siege Tank  
  119  13:02  Marauder, Marine  
  132  13:17  Marine x3  
  131  13:20  Marine x2  
  131  13:21  Marauder, Marine  
  131  13:23  Marauder  
  138  13:33  Armory, Siege Tank  
  141  13:35  Marine x3  
  141  13:47  Liberator  
  141  13:49  Supply Depot  
  141  13:51  Liberator, Command Center  
  141  13:52  Refinery, Supply Depot  
  141  13:54  Refinery  
  141  13:55  Supply Depot  
  141  13:57  Marauder, SCV  
  141  14:00  SCV, Marine  
  141  14:11  Marine x5  
  141  14:12  Marauder  
  143  14:17  Marine  
  143  14:18  Marauder  
  130  14:29  Marine x3  
  130  14:30  Liberator  
  130  14:31  Marine x2  
  134  14:32  Concussive Shells  
  134  14:33  Marauder, Liberator  
  134  14:35  Marine  
  134  14:38  Missile Turret  
  138  14:39  Marine  
  145  14:53  Terran Infantry Weapons Level 2, Terran Infantry Armor Level 2  
  145  14:55  Terran Ship Weapons Level 1  
  145  15:09  Marine x3  
  145  15:10  Marauder, Marine x2  
  145  15:13  Liberator  
  152  15:17  Refinery  
  152  15:21  Marine x2  
  150  15:32  Marauder  
  102  15:43  Marine x2  
  102  15:44  Marauder, Liberator, Marine  
  90  15:55  Liberator  
  89  16:02  Marine  
  89  16:03  Marauder  
  96  16:17  Marauder, Marine x3  
  103  16:26  Liberator  
  96  16:37  Siege Tank  
  96  16:38  Barracks Reactor, Liberator  
  96  16:39  SCV x3  
  103  16:57  Marine x4  
  103  16:58  Marauder x2  
  105  17:14  Marine  
  109  17:31  Command Center  
Show
View Real Time Build Order
Export as new Build Order

Musumeci Zerg - Winner!

Build Orders: Hatch First 

Get SALT Encoding   

  12  0:01  Drone  
  13  0:12  Drone  
  14  0:15  Extractor  
  14  0:17  Drone  
  15  0:41  Hatchery  
  14  0:48  Extractor  
  14  0:49  Drone  
  15  1:04  Spawning Pool  
  15  1:06  Extractor  
  15  1:07  Drone  
  14  1:14  Drone, Extractor  
  16  1:22  Overlord  
  16  1:43  Hatchery  
  15  1:53  Queen  
  17  2:02  Queen  
  17  2:07  Extractor  
  18  2:12  Drone, Extractor  
  18  2:14  Drone  
  19  2:18  Drone  
  19  2:22  Drone  
  23  2:55  Zergling x2  
  26  3:02  Drone x2  
  26  3:03  Drone x2  
  28  3:15  Zergling x2  
  28  3:18  Zergling x2  
  27  3:45  Overlord x5  
  26  3:59  Drone x3  
  28  4:10  Drone x3  
  28  4:11  Roach Warren  
  29  4:51  Roach x6  
  43  5:06  Roach x2  
  47  5:11  Roach  
  43  5:28  Drone x4  
  44  5:30  Queen  
  42  6:10  Drone x9  
  51  6:22  Ravager x8  
  51  6:25  Drone x2  
  61  6:32  Queen  
  61  6:33  Queen  
  62  7:04  Drone x2  
  62  7:05  Drone x4  
  68  7:09  Lair  
  68  7:14  Extractor  
  66  7:18  Evolution Chamber x2  
  58  7:58  Roach x6  
  67  8:18  Drone  
  65  8:32  Hatchery  
  55  8:56  Drone  
  55  8:57  Drone x6  
  55  8:58  Glial Reconstitution  
  62  9:06  Hatchery  
  62  9:07  Zerg Ground Armor Level 1, Zerg Missile Weapons Level 1  
  61  9:15  Drone x2, Extractor  
  61  9:16  Extractor  
  61  9:23  Ravager x4  
  65  9:34  Overlord  
  65  9:35  Overlord  
  65  9:58  Drone x2  
  65  9:59  Drone x6  
  73  10:04  Spore Crawler  
  72  10:07  Spore Crawler  
  72  10:09  Spore Crawler x2  
  72  10:10  Roach x2  
  72  10:12  Ravager x2  
  75  10:27  Roach  
  75  10:28  Roach x5  
  78  10:32  Roach x2  
  78  10:33  Roach  
  81  10:37  Ravager  
  82  10:59  Overlord x2  
  82  11:00  Overlord x3  
  82  11:17  Spore Crawler  
  82  11:18  Zerg Missile Weapons Level 2, Zerg Ground Armor Level 2  
  81  11:21  Drone x8  
  81  11:22  Drone  
  90  11:38  Drone x5  
  95  11:40  Extractor  
  95  11:42  Extractor  
  95  11:45  Ravager x4  
  97  12:13  Hatchery  
  97  12:15  Ravager x2  
  97  12:16  Ravager  
  101  12:22  Roach  
  101  12:23  Roach x6  
  101  12:24  Overlord x2  
  101  12:25  Overlord x6  
  113  12:38  Ravager  
  113  12:42  Ravager  
  113  12:43  Ravager x3  
  110  12:53  Roach x9  
  125  13:08  Roach  
  125  13:09  Roach x9  
  138  13:18  Ravager x2  
  138  13:19  Overlord  
  140  13:20  Overlord x2  
  140  13:33  Roach x9  
  155  13:38  Ravager  
  156  13:50  Roach x6  
  156  13:51  Roach x3  
  162  14:10  Roach x9  
  162  14:12  Ravager  
  166  14:29  Spore Crawler x3  
  163  14:39  Drone x11  
  174  14:53  Infestation Pit  
  174  14:57  Spine Crawler  
  174  14:58  Spore Crawler  
  174  14:59  Spore Crawler x2, Ravager x10  
  179  15:00  Spine Crawler  
  179  15:01  Spine Crawler, Roach x2, Extractor  
  179  15:03  Extractor  
  179  15:17  Roach x10  
  137  15:52  Roach x3  
  137  15:53  Roach x16  
  171  16:05  Drone x3  
  171  16:11  Spine Crawler  
  173  16:12  Spore Crawler  
  173  16:13  Roach x3, Spore Crawler x2  
  173  16:14  Spine Crawler  
  175  16:18  Hive  
  167  16:36  Ravager  
  167  16:37  Ravager x6  
  155  17:11  Ravager x7  
  155  17:15  Hatchery  
  161  17:16  Extractor  
  161  17:20  Extractor  
Tags
 
Add a new tag
Caveats
  • Supply blocks, unpowered buildings, or Contaminate may cause inaccurate times.
  • Supply counts are checked every 10 seconds.